 Dungeon Crawl Stone Soup version 0.31.0-2-g5a2aebc5c2 (webtiles) character file.

Game seed: 2585831847259368119

136 Arctor the Shooter (level 5, 0/31 HPs)
             Began as a Kobold Hexslinger on Jan 20, 2024.
             Slain by a phantom (7 damage)
             ... on level 4 of the Dungeon.
             The game lasted 00:03:03 (3580 turns).

Arctor the Shooter (Kobold Hexslinger)              Turns: 3580, Time: 00:03:04

Health: 0/31       AC:  1    Str:  6    XL:     5   Next: 43%
Magic:  8/8        EV: 16    Int: 14    God:
Gold:   232        SH:  0    Dex: 19    Spells: 8/8 levels left

rFire   . . .        j - +0 spear (venom)
rCold   . . .        (no shield)
rNeg    . . .        c - +0 robe
rPois   .            (helmet restricted)
rElec   .            (no cloak)
rCorr   .            (no gloves)
SInv    .            (no boots)
Will    .....        q - amulet of magic regeneration
Stlth   +++          (no ring)
HPRegen 0.25/turn    (no ring)
MPRegen 0.51/turn

%: no passive effects
@: no status effects
A: small, no large weapons, nightstalker 3, horns 1, deformed body
a: no special abilities


You were on level 4 of the Dungeon.
You visited 1 branch of the dungeon, and saw 4 of its levels.

You collected 232 gold pieces.

Inventory:

Hand Weapons
 a - a +1 sling
 j - a +0 spear of venom (weapon)
Armour
 c - a +0 robe (worn)
Jewellery
 q - an amulet of magic regeneration (around neck)
 r - a ring of ice
Scrolls
 b - a scroll of poison
 d - a scroll of identify
 e - 3 scrolls of amnesia
 f - 2 scrolls of blinking
 k - a scroll of noise
 m - a scroll of fog {unknown}
 o - a scroll of enchant armour {unknown}
 p - a scroll of silence {unknown}
Potions
 g - 2 potions of magic
 h - 3 potions of curing
 i - a potion of cancellation
 l - a potion of lignification {unknown}
 n - a potion of enlightenment {unknown}
 s - 2 potions of heal wounds {unknown}
 t - a potion of haste {unknown}


   Skills:
 + Level 2.3 Fighting
 + Level 3.8 Ranged Weapons
 + Level 3.4 Dodging
 + Level 2.1 Spellcasting
 + Level 3.4 Hexes
 + Level 2.0 Fire Magic


You had 8 spell levels left.
You didn't know any spells.
Your spell library contained the following spells:

 Spells                   Type           Power      Damage    Failure   Level
 Jinxbite                 Hex            22%        N/A       9%          2
 Confusing Touch          Hex            11%        N/A       17%         3
 Sigil of Binding         Hex            11%        N/A       17%         3
 Inner Flame              Hex/Fire       9%         N/A       22%         3
 Kiss of Death            Conj/Necr      4%         2d5       24%         1
 Blink                    Tloc           2%         N/A       34%         2
 Lesser Beckoning         Tloc           2%         N/A       34%         2
 Momentum Strike          Conj/Tloc      2%         3d8       34%         2
 Cause Fear               Hex            5%         N/A       50%         4
 Stone Arrow              Conj/Erth      2%         3d7       56%         3
 Dimensional Bullseye     Hex/Tloc       3%         N/A       75%         4
 Animate Armour           Summ/Erth      2%         N/A       93%         4
 Dispel Undead            Necr           1%         3d6       93%         4
 Lehudib's Crystal Spear  Conj/Erth      0%         10d2      100%        8


Dungeon Overview and Level Annotations

Branches:
Dungeon (4/15)
 Temple: D:4-7

Altars:
Fedhas


Innate Abilities, Weirdness & Mutations

You are small and have problems with some larger weapons.
You are completely attuned to the shadows.
You have a pair of small horns on your head.
Armour fits poorly on your strangely shaped body.


Message History

A phantom is nearby!
You hit the phantom. You headbutt the phantom.
The phantom is heavily damaged.
The phantom closely misses you.
You miss the phantom.
The phantom is heavily damaged.
The phantom hits you!
The phantom blinks!
You blink.
The phantom hits you.
You barely miss the phantom. Your headbutt misses the phantom.
The phantom is moderately damaged.
The phantom hits you.
The phantom blinks!
You blink.
You are too injured to fight recklessly!
You are too injured to fight recklessly!
You hit the phantom. You headbutt the phantom.
The phantom is severely damaged.
The phantom hits you.
The phantom blinks!
You blink.
You closely miss the phantom. You headbutt the phantom.
The phantom is severely damaged.
The phantom hits you but does no damage.
You hit the phantom but do no damage.
The phantom is severely damaged.
The phantom barely misses you.
You hit the phantom but do no damage.
The phantom is severely damaged.
The phantom completely misses you.
You miss the phantom. Your headbutt misses the phantom.
The phantom is severely damaged.
The phantom closely misses you.
You hit the phantom but do no damage.
You headbutt the phantom, but do no damage.
The phantom is severely damaged.
The phantom hits you.
* * * LOW HITPOINT WARNING * * *
The phantom blinks!
You blink.
You hit the phantom.
The phantom is almost destroyed.
The phantom barely misses you.
You closely miss the phantom.
The phantom is almost destroyed.
The phantom hits you!
You die...

..# #.#### #....#
####.##ยง#
#.....#.#
#+##....<........#
#.##.#..##...@W###
#.##.#.......###
#.##.#..##...#
##.##....##...#
###.....##.##...#
.....##.##....<.#
...####.#######.#
.### #.. .# .#
#### #


You could see a phantom.

Vanquished Creatures
  Robin (D:2)
  4 adders
  2 dart slugs
  A ribbon worm (D:2)
  An orc (D:3)
  4 bats
  5 endoplasms
  2 giant cockroaches (D:1)
  17 goblins
  11 hobgoblins
  3 jackals (D:1)
  A quokka (D:3)
  9 ball pythons
  4 frilled lizards
  5 kobolds
  6 rats
76 creatures vanquished.

Notes
Turn   | Place    | Note
-------+----------+-------------------------------------------
     0 | D:1      | Arctor the Kobold Hexslinger began the quest for the Orb.
     0 | D:1      | Reached XP level 1. HP: 12/12 MP: 2/2
   143 | D:1      | Reached XP level 2. HP: 4/16 MP: 3/3
   691 | D:1      | Reached XP level 3. HP: 20/20 MP: 5/5
  1566 | D:2      | Noticed Robin
  1569 | D:2      | Reached XP level 4. HP: 21/26 MP: 6/6
  1572 | D:2      | Killed Robin
  1579 | D:2      | Gained mutation: Your mind is acute. (Int +4, Str/Dex -1)
                  | [potion of mutation]
  1579 | D:2      | Gained mutation: Armour fits poorly on your strangely
                  | shaped body. [potion of mutation]
  1579 | D:2      | Lost mutation: Your mind is acute. (Int +4, Str/Dex -1)
                  | [potion of mutation]
  1579 | D:2      | Gained mutation: You have a pair of small horns on your
                  | head. [potion of mutation]
  2466 | D:3      | Reached XP level 5. HP: 25/30 MP: 8/8
  2532 | D:3      | Found a blossoming altar of Fedhas.
  3566 | D:4      | Noticed a phantom
  3580 | D:4      | Slain by a phantom

Illustrated notes

Levels and vault maps discovered:
D:1:      heliophobic_arrival_enchanted_forest, layout_basic
D:2:      layout_basic, uniq_robin
D:3:      layout_loops_corners, fedhas_altar_fruit_tree
D:4:      layout_basic, amcnicky_altar_gilded, minmay_misc_feat_enclosed

Skill      XL: |  1  2  3  4  5 |
---------------+----------------+-----
Ranged Weapons | 3 |  3.8
Dodging        | 3 |  3.4
Fighting       | 2 |  2.3
Spellcasting   | 2 |  2.1
Fire Magic     | 2 |  2.0
Hexes          | |  3.4

Action                     |  1- 3 |  4- 6 || total
---------------------------+-------+-------++-------
  Melee: Spear             |    28 |   104 ||   132
         Headbutt          |       |    16 ||    16
         Punch             |       |     1 ||     1
   Fire: Sling             |   100 |       ||   100
    Use: Scroll            |     2 |     4 ||     6
         Potion            |       |     2 ||     2
   Stab: Sleeping          |     1 |    11 ||    12
 Armour: Robe              |    52 |    41 ||    93
  Dodge: Dodged            |    67 |    70 ||   137
